Map: Abyssal Reef LE

Players

Railgan - Winner!

  • Race: Zerg Zerg
  • League: Grandmaster
  • Spawn Location: 11:00

Glückskeks

  • Race: Terran Terran
  • League: Grandmaster
  • Spawn Location: 5:00

VOD

https://www.youtube.com/watch?v=tOQGnLKq9Fk

Description

Time

  • Played on: March 10, 2017, 9:10 a.m.
  • Length: 10:05
Show
View Real Time Build Order
Export as new Build Order

Railgan Zerg - Winner!

Build Orders: Pool First 

Get SALT Encoding   

  12  0:01  Drone  
  13  0:12  Overlord  
  13  0:17  Drone  
  14  0:31  Drone x2  
  16  0:38  Drone  
  17  0:46  Spawning Pool  
  17  0:48  Drone  
  17  0:56  Drone  
  18  1:13  Hatchery  
  18  1:14  Extractor  
  18  1:17  Drone  
  17  1:28  Drone  
  18  1:34  Zergling x2  
  18  1:35  Roach Warren  
  18  1:44  Drone  
  19  1:49  Drone  
  20  1:55  Queen  
  22  2:01  Overlord  
  22  2:20  Roach  
  22  2:22  Roach  
  26  2:25  Roach  
  26  2:26  Queen  
  29  2:37  Spore Crawler  
  29  2:38  Drone x2  
  29  2:43  Drone  
  31  2:48  Drone  
  33  3:00  Drone  
  33  3:01  Drone  
  33  3:05  Lair  
  34  3:06  Overlord  
  34  3:08  Drone  
  34  3:12  Overlord  
  35  3:16  Drone  
  35  3:18  Extractor  
  35  3:19  Drone  
  36  3:24  Drone  
  36  3:25  Drone  
  38  3:30  Drone  
  38  3:31  Drone  
  38  3:36  Drone  
  38  3:38  Queen  
  42  3:41  Drone  
  42  3:45  Drone  
  42  3:46  Drone  
  45  3:48  Drone  
  45  3:50  Drone  
  45  3:52  Drone  
  45  3:54  Drone  
  48  3:57  Drone  
  48  4:02  Drone  
  50  4:04  Extractor  
  50  4:06  Overlord  
  50  4:08  Extractor  
  48  4:12  Spire  
  48  4:13  Drone  
  48  4:18  Drone x2  
  48  4:21  Overseer  
  48  4:23  Overlord  
  50  4:24  Drone  
  50  4:26  Drone  
  50  4:30  Drone x2  
  54  4:34  Drone  
  55  4:39  Glial Reconstitution  
  55  4:47  Drone  
  56  4:53  Roach x5  
  66  5:04  Overlord  
  66  5:06  Hatchery  
  65  5:14  Overlord x2  
  65  5:26  Roach x5  
  75  5:30  Overlord  
  75  5:40  Corruptor x2  
  79  5:45  Corruptor  
  79  5:47  Roach  
  79  5:48  Ravager x2  
  85  5:52  Ravager  
  85  5:53  Roach  
  85  5:56  Roach  
  90  5:59  Evolution Chamber, Drone  
  90  6:00  Evolution Chamber  
  89  6:08  Roach x4  
  97  6:20  Roach x3  
  97  6:24  Roach  
  105  6:28  Overlord  
  105  6:34  Overlord  
  103  6:42  Drone x3  
  84  6:57  Drone x10  
  84  7:01  Drone x3  
  91  7:03  Zerg Missile Weapons Level 1  
  91  7:09  Drone x2  
  83  7:19  Corruptor x2  
  83  7:20  Drone  
  83  7:21  Drone x2  
  90  7:23  Extractor  
  90  7:24  Extractor  
  90  7:30  Roach  
  90  7:35  Roach  
  90  7:36  Roach  
  94  7:37  Hatchery  
  94  7:38  Drone x3  
  94  7:43  Drone  
  97  7:44  Roach x2  
  97  7:47  Ravager x3  
  97  7:48  Corruptor  
  106  7:52  Zerg Flyer Weapons Level 1  
  106  7:53  Roach x4  
  106  7:58  Overlord  
  114  8:06  Overlord x4  
  114  8:08  Overlord  
  116  8:20  Roach x4  
  121  8:27  Roach x4  
  122  8:35  Roach  
  122  8:36  Roach x4  
  132  8:45  Drone  
  132  8:46  Drone  
  134  8:56  Drone x2  
  134  8:57  Drone x2  
  134  9:02  Evolution Chamber  
  137  9:03  Drone x4  
  137  9:04  Drone  
  137  9:07  Overlord, Roach  
  137  9:08  Roach x4  
  152  9:11  Ravager x5  
  152  9:14  Overlord, Ravager x4  
  161  9:18  Overlord  
  161  9:21  Roach x2  
  165  9:26  Overlord  
  165  9:28  Overlord  
  165  9:31  Overlord  
  165  9:32  Overlord  
  165  9:33  Roach x2  
  157  9:43  Roach  
  157  9:44  Roach x3  
Show
View Real Time Build Order
Export as new Build Order

Glückskeks Terran 

Build Orders: Reaper Expand, MMM Bio 

Get SALT Encoding   

  12  0:00  SCV  
  13  0:12  SCV  
  14  0:17  Supply Depot  
  14  0:24  SCV  
  15  0:38  SCV  
  15  0:40  Barracks  
  16  0:45  Refinery  
  16  0:50  SCV  
  17  1:03  SCV  
  18  1:15  SCV  
  19  1:28  Orbital Command, Reaper  
  20  1:40  Command Center  
  20  1:51  Barracks  
  20  1:54  SCV  
  21  2:01  Barracks Reactor  
  21  2:06  Refinery, SCV  
  22  2:14  Supply Depot  
  22  2:18  SCV  
  23  2:25  Factory  
  23  2:37  Bunker, SCV  
  23  2:39  Marine x2  
  26  2:49  Marine  
  26  2:57  Marine x2  
  25  3:07  Marine  
  25  3:08  Factory Tech Lab  
  26  3:14  Marine  
  26  3:15  Marine  
  28  3:21  Bunker  
  28  3:25  Marine  
  29  3:32  Siege Tank, Marine  
  29  3:33  Marine  
  33  3:34  SCV  
  34  3:44  Orbital Command  
  34  3:47  SCV  
  35  3:59  SCV  
  35  4:00  Marine x2  
  38  4:11  Stimpack, SCV  
  38  4:12  Starport  
  38  4:16  SCV  
  40  4:17  Factory Reactor  
  40  4:19  Orbital Command  
  40  4:23  Marine x2  
  42  4:26  Supply Depot  
  42  4:27  SCV  
  43  4:31  Marine  
  44  4:39  SCV  
  44  4:41  Marine  
  46  4:48  Marine, SCV  
  46  4:51  SCV  
  49  4:54  Supply Depot  
  49  5:00  Factory Tech Lab, SCV  
  49  5:01  Medivac x2, Supply Depot  
  54  5:10  Supply Depot  
  54  5:15  Marauder, Marine x2, SCV  
  60  5:21  SCV  
  60  5:23  Supply Depot  
  60  5:27  SCV  
  61  5:30  Engineering Bay  
  61  5:33  SCV  
  61  5:34  Medivac  
  64  5:38  Medivac  
  64  5:40  Marine  
  67  5:46  Marine  
  67  5:47  Marine  
  69  5:50  Supply Depot, SCV x2  
  71  5:57  Engineering Bay  
  71  6:01  Terran Infantry Weapons Level 1  
  71  6:02  Marine, SCV  
  73  6:09  SCV  
  73  6:10  Marine  
  75  6:11  Barracks  
  75  6:13  Marine  
  75  6:14  SCV  
  77  6:19  Combat Shields  
  77  6:21  Marine, SCV  
  79  6:26  SCV  
  79  6:31  Marine  
  79  6:32  Marauder  
  80  6:39  Marine  
  71  6:49  Marine  
  71  6:53  Marauder  
  65  6:56  Marine  
  65  7:00  Marine, SCV  
  61  7:07  Marine  
  62  7:08  Siege Tank  
  62  7:10  SCV  
  62  7:14  Marine  
  62  7:15  Marauder  
  63  7:16  Liberator  
  63  7:18  Marine  
  62  7:24  Terran Infantry Armor Level 1  
  62  7:25  Marine  
  62  7:27  SCV  
  64  7:32  Marine  
  64  7:34  SCV  
  69  7:37  Command Center  
  69  7:40  SCV  
  69  7:42  Barracks Reactor  
  69  7:44  Marine  
  71  7:45  Marine  
  71  7:46  SCV  
  73  7:52  Refinery, Supply Depot, SCV  
  74  7:58  SCV  
  74  8:01  Marine  
  74  8:02  Barracks  
  74  8:03  Marine x2, Barracks  
  74  8:04  SCV  
  79  8:09  Armory  
  79  8:11  Refinery, SCV  
  80  8:16  SCV  
  80  8:19  Marine  
  82  8:20  Marine  
  82  8:22  Marauder  
  82  8:23  SCV  
  85  8:28  SCV  
  84  8:42  Supply Depot x2  
  84  8:46  Marine, SCV  
  86  8:48  Marine x2  
  86  8:49  Siege Tank, Marauder, Marine, SCV  
  81  8:58  Orbital Command, SCV  
  81  9:00  Barracks Tech Lab x2  
  79  9:02  SCV  
  79  9:09  Medivac x2  
  83  9:10  Marauder, Marine  
  83  9:11  SCV  
  83  9:15  SCV  
  88  9:18  Marine  
  88  9:19  Marauder  
  88  9:23  SCV  
  92  9:25  Marine x2, SCV  
  92  9:27  SCV  
  91  9:41  Marauder, Marine  
  91  9:44  Marine  
Tags
 
Add a new tag
Caveats
  • Supply blocks, unpowered buildings, or Contaminate may cause inaccurate times.
  • Supply counts are checked every 10 seconds.